[Event "Titled Tuesday Blitz May 23 Early 2023"]
[White "Tologon tegin, Semetei"]
[Black "zsizsi99"]
[WhiteFideId "13800574"]
[WhiteElo "2247"]
[BlackElo "2427"]
[Result "1-0"]
[Round "11"]
[TimeControl "180+2"]
[Date "2023.05.23"]
[WhiteClock "0:00:04"]
[BlackClock "0:00:00"]

1. Nf3 Nf6 2. e3 g6 3. d4 Bg7 4. c4 O-O 5. Nc3 d6 6. Be2 Nbd7 7. O-O e5 8. Qc2 Re8 9. Rd1 exd4 10. Nxd4 Nf8 11. b4 a6 12. Bb2 Ne6 13. c5 Nxd4 14. Rxd4 Nd7 15. Rd2 dxc5 16. bxc5 c6 17. Na4 Bxb2 18. Qxb2 Qa5 19. Qc2 Nf8 20. Rad1 Bf5 21. Qb3 Rac8 22. Bc4 Re7 23. f3 Ne6 24. Qa3 Nf8 25. e4 Be6 26. Qb3 Bxc4 27. Qxc4 Ne6 28. a3 Qb5 29. Qc2 Qa5 30. Kh1 Rce8 31. h3 Qc7 32. Nb6 Qe5 33. Nd7 Qf4 34. e5 Kg7 35. Rd6 h5 36. Re1 Qg3 37. Re4 Qg5 38. Qc3 Qf5 39. Nf6 Qg5 40. Nxe8+ Rxe8 41. Rd7 Rb8 42. Qc2 Qf5 43. Qc4 Ng5 44. Rf4 Qb1+ 45. Kh2 Rf8 46. e6 Qe1 47. Rdxf7+ Nxf7 48. exf7 Qe5 49. Kg1 g5 50. Re4 Qa1+ 51. Kh2 Rxf7 52. Rd4 Qxa3 53. Rd6 Qe3 54. h4 Qf4+ 55. Qxf4 Rxf4 56. hxg5 Rf5 57. Kh3 Rxc5 58. Rd7+ Kg6 59. Rxb7 Kxg5 60. Rb6 a5 61. Ra6 h4 62. Ra8 Rb5 63. Ra6 c5 64. Rc6 a4 65. Ra6 Rb4 66. Ra5 Rc4 67. Kh2 Kf5 68. Kh3 Ke5 69. g3 hxg3 70. Kxg3 Kd5 71. f4 Rb4 72. Kg4 Kc4 73. Kg5 Kd4 74. f5 c4 75. f6 c3 76. f7 Rb8 77. Rxa4+ Kd3 78. Ra7 Rc8 79. Rd7+ Ke2 80. Re7+ Kd3 81. Re8 Rxe8 82. fxe8=Q Kd2 83. Qd7+ Kc1 84. Kf4 c2 85. Ke3 Kb1 86. Qf5 Ka1 87. Qa5+ Kb2 88. Qb4+ Ka1 89. Kd2 c1=Q+ 90. Kxc1 1-0


[Site "https://www.chess.com"]

[Event "Titled Tuesday Blitz May 23 Early 2023"]
[White "Fernandez Siles, Luis"]
[Black "Liu, Casper"]
[WhiteFideId "2209420"]
[BlackFideId "1454153"]
[WhiteElo "2195"]
[BlackElo "2221"]
[Result "1-0"]
[Round "11"]
[TimeControl "180+2"]
[Date "2023.05.23"]
[WhiteClock "0:00:10"]
[BlackClock "0:00:04"]

1. d4 c5 2. d5 g6 3. c4 Bg7 4. e4 d6 5. f4 f5 6. exf5 Bxf5 7. Bd3 Nf6 8. Nc3 O-O 9. Nf3 Bg4 10. h3 Bxf3 11. Qxf3 Nfd7 12. Qg4 Bd4 13. Bd2 Nf6 14. Qe6+ Kg7 15. O-O-O Nbd7 16. g4 Rf7 17. h4 Nf8 18. Qe2 b5 19. h5 Qa5 20. hxg6 Nxg6 21. g5 Nd7 22. Rxh7+ Kxh7 23. Qh5+ Kg8 24. Qxg6+ Bg7 25. Rh1 Nf8 26. Rh8+ Kxh8 27. Qxf7 b4 28. Ne4 Qxa2 29. Nf6 exf6 30. gxf6 Qa1+ 31. Bb1 Bh6 32. Qh5 Qa6 33. Qxh6+ Kg8 34. Qg7# 1-0


[Site "https://www.chess.com"]

[Event "Titled Tuesday Blitz May 23 Early 2023"]
[White "Kopczynski, Michal"]
[Black "Flynn, Jacob"]
[WhiteFideId "1124200"]
[BlackFideId "2509393"]
[WhiteElo "2212"]
[BlackElo "2053"]
[Result "0-1"]
[Round "11"]
[TimeControl "180+2"]
[Date "2023.05.23"]
[WhiteClock "0:00:04"]
[BlackClock "0:00:05"]

1. e4 e5 2. Nf3 Nc6 3. Bb5 a6 4. Ba4 Nf6 5. O-O Be7 6. d3 b5 7. Bb3 d6 8. a4 Bd7 9. axb5 axb5 10. Rxa8 Qxa8 11. Nc3 Na5 12. Nd5 Nxd5 13. Bxd5 c6 14. Ba2 Nb7 15. Bb1 Qa1 16. Bg5 Bxg5 17. Nxg5 h6 18. Nf3 Qxb2 19. d4 exd4 20. Nxd4 O-O 21. Qd2 Nc5 22. f3 Na4 23. Ne2 Qe5 24. Rd1 Qc5+ 25. Qd4 Be6 26. Kf1 Rd8 27. Qxc5 Nxc5 28. Nd4 Bd7 29. Ba2 Kf8 30. Kf2 Ra8 31. Bb3 Ke7 32. Ke3 Nxb3 33. cxb3 c5 34. Ne2 Ra3 35. Rd3 Be6 36. Nc1 b4 37. Kd2 g5 38. Kc2 f6 39. Kb2 h5 40. Ne2 c4 41. Re3 c3+ 42. Rxc3 h4 43. Rd3 Ra8 44. Nd4 Bd7 45. Nc2 Rb8 46. Rd4 Rc8 47. Nxb4 Bb5 48. Nd5+ Ke6 49. Rb4 Bf1 50. g3 h3 51. f4 gxf4 52. gxf4 f5 53. Nb6 Rc6 54. exf5+ Kxf5 55. Nd5 Ke6 56. Ne3 Bg2 57. f5+ Kf6 58. Rg4 Bf3 59. Rg3 Be2 60. Rxh3 Ke5 61. Rg3 Ke4 62. Nc2 Rc7 63. f6 Bf3 64. Rg7 Rc8 65. f7 Rf8 66. h4 Bh5 67. Rh7 Bg6 68. b4 Bxh7 69. b5 Rxf7 70. Nb4 Rb7 71. Kb3 Rxb5 72. Kc4 Rxb4+ 73. Kxb4 d5 74. Kc3 d4+ 75. Kd2 d3 76. Kd1 Ke3 77. Ke1 Bg6 78. Kd1 d2 79. h5 Bxh5+ 80. Kc2 d1=Q+ 0-1


[Site "https://www.chess.com"]

[Event "Titled Tuesday Blitz May 23 Early 2023"]
[White "Herzog2012"]
[Black "Berezin, Viktor"]
[BlackFideId "14107872"]
[WhiteElo "2378"]
[BlackElo "2310"]
[Result "1-0"]
[Round "11"]
[TimeControl "180+2"]
[Date "2023.05.23"]
[WhiteClock "0:00:04"]
[BlackClock "0:00:01"]

1. e4 g6 2. d4 Bg7 3. Nc3 c6 4. Nf3 d5 5. h3 dxe4 6. Nxe4 Nf6 7. Nxf6+ exf6 8. c3 O-O 9. Bd3 a5 10. O-O a4 11. a3 Be6 12. Bc2 b5 13. Re1 Nd7 14. Bf4 Nb6 15. Qc1 Re8 16. Bh6 Bh8 17. Nd2 Bd5 18. Rxe8+ Qxe8 19. Qe1 Qd7 20. Qe2 Re8 21. Qf1 Bg7 22. Bxg7 Kxg7 23. Re1 Nc4 24. Rxe8 Qxe8 25. Nxc4 Bxc4 26. Qd1 Qe6 27. Qd2 h5 28. Qe3 Qd6 29. Be4 Be6 30. Qg3 Qxg3 31. fxg3 Bd5 32. Bf3 Kf8 33. Kf2 Ke7 34. Ke3 Kd6 35. Kd3 Bxf3 36. gxf3 Kd5 37. f4 f5 38. h4 f6 39. Ke3 Kc4 40. Kd2 Kb3 41. Kc1 Kc4 42. Kc2 c5 43. dxc5 Kxc5 44. Kd3 Kd5 45. Ke3 Kc4 46. Kd2 Kb3 47. Kc1 Kc4 48. Kc2 Kc5 49. b3 Kd5 50. c4+ Kc5 51. cxb5 Kxb5 52. bxa4+ Kxa4 53. Kb2 g5 54. fxg5 fxg5 55. hxg5 f4 56. g6 f3 57. g7 f2 58. g8=Q f1=Q 59. Qa8+ Kb5 60. Qd5+ Kb6 61. Qd6+ Kb7 62. Qd7+ Kb6 63. Qd6+ Kb7 64. Qe7+ Kb6 65. Qe6+ Kb7 66. Qe7+ Kb6 67. Qg5 Qe2+ 68. Kc3 Qf3+ 69. Kd4 Qxa3 70. Ke4 Qb4+ 71. Kf5 Qc5+ 72. Kg6 Qc2+ 73. Kxh5 Qd1+ 74. Qg4 Qh1+ 75. Kg5 Qd5+ 76. Qf5 Qd2+ 77. Kg4 Qd1+ 78. Kh4 Qh1+ 79. Kg5 Qc1+ 80. Kg6 Kc7 81. g4 Kd8 82. g5 Qc6+ 83. Qf6+ Kd7 84. Qxc6+ Kxc6 85. Kf7 Kd7 86. g6 1-0


[Site "https://www.chess.com"]

[Event "Titled Tuesday Blitz May 23 Early 2023"]
[White "Goltseva, Ekaterina"]
[Black "Alexikov, Alexander"]
[WhiteFideId "24173770"]
[BlackFideId "14103958"]
[WhiteElo "2114"]
[BlackElo "2186"]
[Result "1-0"]
[Round "11"]
[TimeControl "180+2"]
[Date "2023.05.23"]
[WhiteClock "0:00:10"]
[BlackClock "0:00:05"]

1. Nf3 Nf6 2. c4 g6 3. Nc3 Bg7 4. e4 d6 5. d4 O-O 6. h3 e5 7. d5 a5 8. Bd3 Na6 9. g4 c6 10. Be3 Nd7 11. a3 Ndc5 12. Bc2 cxd5 13. cxd5 Bd7 14. Qe2 b5 15. Nxb5 Bxb5 16. Qxb5 Rb8 17. Qc4 Rxb2 18. O-O f5 19. gxf5 gxf5 20. exf5 Qe8 21. Ng5 Qh5 22. Bd1 Qe8 23. Qg4 h5 24. Qxh5 Qxh5 25. Bxh5 Rxf5 26. Bg6 Rf6 27. Bh5 e4 28. Rab1 Rf5 29. Bg4 Re5 30. Rxb2 Rxg5 31. Bxg5 Bxb2 32. Bf4 Bxa3 33. Bxd6 Bb4 34. Be2 a4 35. Bxa6 Nxa6 36. Bxb4 Nxb4 37. Ra1 Nxd5 38. Rxa4 Nf6 39. Kg2 Kf7 40. Kg3 Ke6 41. Ra7 Ke5 42. Ra5+ Ke6 43. Kf4 Kf7 44. Rf5 Kg6 45. Rxf6+ Kxf6 46. Kxe4 Kg5 47. Ke5 Kh4 48. f4 Kxh3 49. f5 1-0


[Site "https://www.chess.com"]

[Event "Titled Tuesday Blitz May 23 Early 2023"]
[White "Andreev, Konstantin"]
[Black "Todorovic, Bojan"]
[WhiteFideId "24239305"]
[BlackFideId "917087"]
[WhiteElo "2106"]
[BlackElo "2266"]
[Result "0-1"]
[Round "11"]
[TimeControl "180+2"]
[Date "2023.05.23"]
[WhiteClock "0:00:12"]
[BlackClock "0:00:31"]

1. e4 g6 2. d4 Bg7 3. Nc3 d6 4. h4 Nf6 5. f3 e5 6. Be3 exd4 7. Bxd4 Nc6 8. Be3 O-O 9. Qd2 Be6 10. O-O-O Qe7 11. Kb1 d5 12. Nxd5 Bxd5 13. exd5 Nxd5 14. Bh6 Bc3 15. Qxd5 Rad8 16. bxc3 Rxd5 17. Rxd5 Qe1+ 18. Kb2 Qxf1 19. Bxf8 Qxg2 20. Rh3 Qxg1 21. f4 Kxf8 22. Rd7 Na5 23. Rhd3 Nc4+ 24. Kb3 b5 25. Kb4 c6 26. Rc7 a5+ 27. Kb3 Qb1# 0-1


[Site "https://www.chess.com"]

[Event "Titled Tuesday Blitz May 23 Early 2023"]
[White "Ljukin, Sergei"]
[Black "Smiechu"]
[WhiteFideId "14102200"]
[WhiteElo "2312"]
[BlackElo "2342"]
[Result "1-0"]
[Round "11"]
[TimeControl "180+2"]
[Date "2023.05.23"]
[WhiteClock "0:00:02"]
[BlackClock "0:00:26"]

1. e4 c5 2. Nf3 g6 3. c4 Nc6 4. d4 cxd4 5. Nxd4 Nf6 6. Nc3 Nxd4 7. Qxd4 d6 8. Be2 Bg7 9. Be3 O-O 10. Qd2 a5 11. f3 a4 12. Rc1 Qa5 13. Nd5 Nxd5 14. cxd5 Qxd2+ 15. Kxd2 Bxb2 16. Rc7 Bf6 17. g4 b5 18. g5 Bg7 19. Bxb5 Rb8 20. Rb1 Ba6 21. Bd3 Rxb1 22. Bxb1 Rb8 23. Bd3 Bxd3 24. Kxd3 Bf8 25. Kc2 a3 26. Bd4 Bg7 27. Be3 Rb2+ 28. Kd3 Rxa2 29. Rxe7 Rxh2 30. Re8+ Bf8 31. Bf4 a2 32. Ra8 Rh3 33. Rxa2 Rxf3+ 34. Be3 h6 35. Ke2 Rh3 36. Ra8 hxg5 37. e5 Kg7 38. e6 fxe6 39. dxe6 Be7 40. Bd4+ Bf6 41. Ra7+ Kf8 42. Bxf6 Rh2+ 43. Kf3 Rh1 44. Ra8# 1-0


[Site "https://www.chess.com"]

[Event "Titled Tuesday Blitz May 23 Early 2023"]
[White "Manon-og, Ramon Jr."]
[Black "Goncalves, Davi Sulzbacher"]
[WhiteFideId "5200776"]
[BlackFideId "2154510"]
[WhiteElo "2338"]
[BlackElo "2182"]
[Result "1-0"]
[Round "11"]
[TimeControl "180+2"]
[Date "2023.05.23"]
[WhiteClock "0:00:15"]
[BlackClock "0:00:00"]

1. e4 c6 2. d4 d5 3. e5 Bf5 4. Nd2 e6 5. Nb3 Ne7 6. Nf3 h6 7. Be2 Nd7 8. O-O g5 9. c4 Bg7 10. cxd5 cxd5 11. Bd3 Rc8 12. Qe2 Qc7 13. Bd2 Bxd3 14. Qxd3 Qc4 15. Qe3 Nf5 16. Qe1 O-O 17. h3 b6 18. Bc3 a5 19. h4 g4 20. Nh2 h5 21. f3 g3 22. Ng4 a4 23. Nd2 Qd3 24. Nf6+ Nxf6 25. exf6 Bxf6 26. f4 Bxd4+ 27. Bxd4 Qxd4+ 28. Kh1 Rc2 29. Rd1 Qe3 30. Nf3 Qxf4 31. Rd2 Rxd2 32. Qxd2 Qxd2 33. Nxd2 Rc8 34. b3 Rc2 35. Nf3 a3 36. Ra1 Ne3 37. Nd4 Rxg2 38. Nb5 Rh2+ 39. Kg1 Rxh4 40. Nxa3 g2 41. Kf2 Rh1 42. Rg1 Rxg1 43. Kxg1 h4 44. Nb1 h3 45. Nd2 d4 46. a4 Nd5 47. Kh2 Nf4 48. b4 Nd5 49. a5 bxa5 50. bxa5 Kf8 51. a6 Nb6 52. a7 1-0


[Site "https://www.chess.com"]

[Event "Titled Tuesday Blitz May 23 Early 2023"]
[White "Goldin, Roman"]
[Black "merinasian"]
[WhiteFideId "2803860"]
[WhiteElo "2312"]
[BlackElo "2482"]
[Result "1-0"]
[Round "11"]
[TimeControl "180+2"]
[Date "2023.05.23"]
[WhiteClock "0:01:51"]
[BlackClock "0:01:53"]

1. d4 Nf6 2. Nf3 e6 3. g3 b6 4. Bg2 Bb7 5. O-O Be7 6. c4 O-O 7. Nc3 Ne4 8. Qc2 Nxc3 9. bxc3 f5 10. d5 Bf6 11. Nd4 c5 12. Nb5 exd5 13. Nd6 Ba6 14. Bxd5+ Kh8 15. Bxa8 Nc6 16. Bxc6 dxc6 17. Bf4 Qe7 18. Nxf5 1-0


[Site "https://www.chess.com"]

[Event "Titled Tuesday Blitz May 23 Early 2023"]
[White "Rosh Jain"]
[Black "Omariev, Maksim"]
[WhiteFideId "25789465"]
[BlackFideId "4193423"]
[WhiteElo "2233"]
[BlackElo "2478"]
[Result "1-0"]
[Round "11"]
[TimeControl "180+2"]
[Date "2023.05.23"]
[WhiteClock "0:00:19"]
[BlackClock "0:00:08"]

1. e4 c5 2. Nc3 d6 3. f4 Nc6 4. Nf3 g6 5. a4 Bg7 6. Bb5 Bd7 7. O-O e6 8. d3 Nge7 9. Be3 Nd4 10. Bxd7+ Qxd7 11. Ra2 O-O 12. Ne2 Nxf3+ 13. Rxf3 Rac8 14. c3 d5 15. e5 Nf5 16. Bf2 Rfd8 17. g4 Nh6 18. Rg3 Rc6 19. d4 c4 20. Be3 Kf8 21. Qd2 Ng8 22. Rh3 h6 23. Ra1 Re8 24. Rf1 Ke7 25. f5 exf5 26. gxf5 Kd8 27. f6 Bf8 28. Rg3 Ra6 29. Nf4 g5 30. e6 Raxe6 31. Nxe6+ Rxe6 32. Rgf3 Bd6 33. Qg2 Qxa4 34. Re1 Qd7 35. Bd2 Nxf6 36. Rxe6 Qxe6 37. Re3 Ne4 38. Be1 f5 39. Re2 f4 40. h3 Qf5 41. Qf3 Qg6 42. Rg2 h5 43. Bh4 Be7 44. Qxf4 gxf4 45. Bxe7+ Kxe7 46. Rxg6 a6 47. Rg7+ Kd6 48. Rxb7 f3 49. Rb6+ Ke7 50. Rxa6 Nd2 51. Kf2 Ne4+ 52. Kxf3 h4 53. Kg4 Nf2+ 54. Kxh4 Nd3 55. Rb6 Kd7 56. Kg5 Kc7 57. Rb5 Kc6 58. Rb8 Kc7 59. Rf8 Nxb2 60. h4 Nd1 61. h5 Nxc3 62. h6 Ne4+ 63. Kg6 Ng5 64. Kxg5 c3 65. h7 c2 66. Rc8+ Kxc8 67. h8=Q+ Kc7 68. Qh1 Kc6 69. Qc1 Kb6 70. Qxc2 Ka6 71. Qc5 Kb7 72. Qxd5+ Ka7 73. Qc5+ Kb8 74. d5 Kb7 75. d6 Ka6 76. d7 Kb7 77. d8=Q Ka6 78. Qa8# 1-0


[Site "https://www.chess.com"]

[Event "Titled Tuesday Blitz May 23 Early 2023"]
[White "ChawitAp"]
[Black "Bruedigam, Martin"]
[BlackFideId "24608033"]
[WhiteElo "2298"]
[BlackElo "2331"]
[Result "1-0"]
[Round "11"]
[TimeControl "180+2"]
[Date "2023.05.23"]
[WhiteClock "0:00:10"]
[BlackClock "0:00:02"]

1. d4 d5 2. Nf3 Nf6 3. c3 c6 4. Bf4 Bf5 5. Nbd2 e6 6. Qb3 Qc8 7. e3 Be7 8. c4 h6 9. Rc1 O-O 10. Be2 Nbd7 11. O-O Re8 12. Ne5 Nxe5 13. Bxe5 Nd7 14. Bg3 Bf8 15. Bf3 Nb6 16. e4 dxe4 17. Nxe4 Bxe4 18. Bxe4 Qd7 19. Rfd1 Rad8 20. Bb1 Nc8 21. d5 exd5 22. cxd5 cxd5 23. Bc7 Ne7 24. Bxd8 Rxd8 25. Qc2 g6 26. Qc7 Bg7 27. b3 h5 28. h3 Bf6 29. Qf4 Kg7 30. Rc7 Qb5 31. Re1 Rd7 32. Rxd7 Qxd7 33. Bd3 a6 34. Re3 Qc6 35. Rf3 Ng8 36. g4 hxg4 37. hxg4 Qe6 38. g5 Be5 39. Qh4 Qc6 40. Rh3 Qc1+ 41. Kg2 Bf4 42. Qh7+ Kf8 43. Rf3 Ne7 44. Qh8+ Ng8 45. Bxg6 fxg6 46. Qe5 Ne7 47. Rxf4+ Ke8 48. Rf6 Qd1 49. Re6 Qg4+ 50. Kf1 Qd1+ 51. Qe1 Qxe1+ 52. Kxe1 Kf7 53. Rf6+ Ke8 54. Rb6 Nc6 55. Rxb7 Ne5 56. Rg7 Kd8 57. f4 Nd3+ 58. Kd2 Nxf4 59. Ra7 Ne6 60. Rxa6 Nxg5 61. Rxg6 Ne4+ 62. Kd3 Kc7 63. Rg7+ Kc6 64. a4 Kc5 65. Rc7+ Kb4 66. Rb7+ Kc5 67. a5 Nd6 68. Rb8 Kc6 69. a6 Nb5 70. Rxb5 Kxb5 71. a7 1-0


[Site "https://www.chess.com"]

[Event "Titled Tuesday Blitz May 23 Early 2023"]
[White "Ziatdinov, Raset"]
[Black "Arat, Ufuk Sezen"]
[WhiteFideId "2015323"]
[BlackFideId "6309089"]
[WhiteElo "2220"]
[BlackElo "2289"]
[Result "0-1"]
[Round "11"]
[TimeControl "180+2"]
[Date "2023.05.23"]
[WhiteClock "0:00:18"]
[BlackClock "0:00:54"]

1. e4 c5 2. Nf3 e6 3. d4 cxd4 4. Nxd4 Nc6 5. Nc3 Qc7 6. Bd3 Nxd4 7. Be3 Nc6 8. O-O a6 9. f4 b5 10. e5 Bb7 11. Ne4 Nh6 12. g4 Nb4 13. Qe2 Nd5 14. Bd2 Bc5+ 15. Kg2 f5 16. exf6 Nxf6 17. g5 Nxe4 18. Bxe4 Nf5 19. Rae1 Nd6 20. Bxb7 Qxb7+ 21. Kh3 O-O 22. Bc3 Nf5 23. Qe5 Bd6 24. Qe2 Rae8 25. Qh5 Ne7 26. Rd1 Nf5 27. Rde1 Qd5 28. Qg4 Ne7 29. b3 Qf5 30. Rd1 Qxg4+ 31. Kxg4 Nd5 32. Bb2 Ne3+ 0-1


[Site "https://www.chess.com"]

[Event "Titled Tuesday Blitz May 23 Early 2023"]
[White "Janaszak, Dawid"]
[Black "Dwilewicz, Katarzyna"]
[WhiteFideId "1119206"]
[BlackFideId "1148486"]
[WhiteElo "2220"]
[BlackElo "2065"]
[Result "0-1"]
[Round "11"]
[TimeControl "180+2"]
[Date "2023.05.23"]
[WhiteClock "0:00:05"]
[BlackClock "0:00:20"]

1. e4 c5 2. Nc3 e6 3. d4 cxd4 4. Qxd4 Nc6 5. Qd3 Nf6 6. Bf4 Bb4 7. O-O-O O-O 8. e5 Bxc3 9. Qxc3 Nd5 10. Qd2 Nxf4 11. Qxf4 Qa5 12. Nf3 Qxa2 13. Bd3 Qa1+ 14. Kd2 Qxb2 15. Rb1 Qa3 16. Bxh7+ Kxh7 17. Qh4+ Kg8 18. Ng5 Rd8 19. Qh7+ Kf8 20. Qh8+ Ke7 21. Qxg7 Qa5+ 22. Kc1 Qxe5 23. Qxf7+ Kd6 24. Rd1+ Kc7 25. f4 Qe3+ 26. Rd2 Kb8 27. Rb3 Qg1+ 28. Kb2 Rh8 29. h3 a5 30. Qf6 Re8 31. Qf7 Re7 32. Qf6 a4 33. Ra3 Qc5 34. Rdd3 Qb4+ 35. Ka1 Qe1+ 36. Kb2 Ra5 37. c4 Qb4+ 38. Ka1 Qxc4 39. Rac3 Qb4 40. Rd1 Rb5 41. Rc2 Qa3+ 42. Ra2 Qb3 43. Nf3 Qxd1# 0-1


[Site "https://www.chess.com"]

[Event "Titled Tuesday Blitz May 23 Early 2023"]
[White "LeoLV10"]
[Black "Khamdamova, Afruza"]
[BlackFideId "14210444"]
[WhiteElo "2403"]
[BlackElo "2312"]
[Result "0-1"]
[Round "11"]
[TimeControl "180+2"]
[Date "2023.05.23"]
[WhiteClock "0:00:09"]
[BlackClock "0:00:31"]

1. e4 c6 2. d4 d5 3. e5 Bf5 4. g4 Bd7 5. Be2 f6 6. f4 e6 7. h4 c5 8. c3 Nc6 9. Nf3 cxd4 10. cxd4 Bb4+ 11. Nc3 Qb6 12. a3 Be7 13. b4 Rc8 14. Na4 Qd8 15. Nc5 Bxc5 16. bxc5 Nge7 17. Kf2 O-O 18. h5 fxe5 19. fxe5 Qe8 20. Be3 Na5 21. Kg3 Bb5 22. Rf1 Bxe2 23. Qxe2 Nc4 24. Bg5 Nc6 25. Qd3 b6 26. cxb6 axb6 27. Bh4 h6 28. Ra2 Qf7 29. Raf2 Qf4+ 30. Kh3 Ne3 31. Nh2 Qxd4 32. Rxf8+ Rxf8 33. Rxf8+ Kxf8 34. Qa6 Nxe5 35. Qc8+ Kf7 36. Qc7+ Kg8 37. Qc8+ Kh7 38. Qxe6 Qe4 39. g5 Qg2# 0-1


[Site "https://www.chess.com"]

[Event "Titled Tuesday Blitz May 23 Early 2023"]
[White "Rios Escobar, Adan"]
[Black "Makhmudov, Shukhrat"]
[WhiteFideId "3403645"]
[BlackFideId "14200775"]
[WhiteElo "2456"]
[BlackElo "2135"]
[Result "1-0"]
[Round "11"]
[TimeControl "180+2"]
[Date "2023.05.23"]
[WhiteClock "0:00:12"]
[BlackClock "0:00:02"]

1. d4 Nf6 2. g3 d5 3. Nf3 Bg4 4. Ne5 Bf5 5. c4 e6 6. Nc3 Nbd7 7. cxd5 exd5 8. Qb3 Nb6 9. a4 a5 10. Bg2 Bb4 11. O-O Be6 12. Bg5 h6 13. Bf4 O-O 14. Qc2 Rc8 15. Rfd1 Qe7 16. Nd3 Bd6 17. Bxd6 Qxd6 18. Nb5 Qd7 19. b3 c6 20. Nc5 Qe7 21. Nc3 Rfe8 22. e3 Bg4 23. Re1 Rc7 24. Qd2 Nbd7 25. Nd3 Ne4 26. Nxe4 dxe4 27. Nf4 b6 28. Rac1 c5 29. Nd5 Qd6 30. Nxc7 Qxc7 31. Rc3 Qd6 32. Rec1 Bf3 33. Qc2 Bxg2 34. Kxg2 cxd4 35. exd4 Qd5 36. Re3 Nf6 37. Qc4 Qf5 38. Qb5 Qe6 39. Rc6 Qe7 40. Rxb6 Ng4 41. Re2 e3 42. f3 Nf6 43. Rb8 Rxb8 44. Qxb8+ Kh7 45. Qe5 Qb7 46. Qxe3 g6 47. Qe5 Ng4 48. Qe7 Qd5 49. Qe4 Nf6 50. Qxd5 Nxd5 51. Re5 Nc3 52. Rxa5 Kg7 53. Rc5 1-0


[Site "https://www.chess.com"]

[Event "Titled Tuesday Blitz May 23 Early 2023"]
[White "Klepikov, Nikita"]
[Black "Rottenwohrer Suarez, Juan"]
[WhiteFideId "24145220"]
[BlackFideId "32068182"]
[WhiteElo "2025"]
[BlackElo "2174"]
[Result "0-1"]
[Round "11"]
[TimeControl "180+2"]
[Date "2023.05.23"]
[WhiteClock "0:00:00"]
[BlackClock "0:01:08"]

1. e4 c5 2. Nf3 g6 3. d4 cxd4 4. Nxd4 Nc6 5. Nc3 Bg7 6. Be3 Nf6 7. Bc4 O-O 8. Bb3 d5 9. exd5 Na5 10. O-O Nxb3 11. Nxb3 b6 12. Qd2 Bb7 13. Rad1 Qc7 14. Bf4 Qd7 15. f3 Rfd8 16. Be5 Rac8 17. Rfe1 b5 18. Na5 Ba8 19. d6 b4 20. dxe7 Qxe7 21. Bd6 bxc3 22. Bxe7 Rxd2 23. bxc3 Rxc2 24. Rd6 Nd5 25. Bh4 Bxc3 26. Rd1 Bxa5 0-1


[Site "https://www.chess.com"]

[Event "Titled Tuesday Blitz May 23 Early 2023"]
[White "Lesbekova, Assel"]
[Black "Bilan, Danila"]
[WhiteFideId "13713248"]
[BlackFideId "24161918"]
[WhiteElo "1805"]
[BlackElo "2182"]
[Result "1-0"]
[Round "11"]
[TimeControl "180+2"]
[Date "2023.05.23"]
[WhiteClock "0:00:16"]
[BlackClock "0:00:06"]

1. e4 c6 2. d4 d5 3. exd5 cxd5 4. h3 Nc6 5. Nf3 Nf6 6. c3 Bf5 7. Bd3 Bg6 8. O-O e6 9. Re1 Ne4 10. Bxe4 Bxe4 11. Nbd2 Bg6 12. Nf1 Bd6 13. Bg5 Qc7 14. Rc1 b5 15. Qb3 a6 16. a4 Na5 17. Qa2 O-O 18. N1d2 h6 19. Be3 Nc4 20. Nxc4 bxc4 21. b4 cxb3 22. Qxb3 Rab8 23. Qd1 Bh5 24. Rb1 Qxc3 25. Qd2 Qxd2 26. Nxd2 Bg6 27. Rbc1 Rb2 28. Rc6 Bb4 29. Rd1 a5 30. Nf3 Bc2 31. Ra1 Bf5 32. Ne5 f6 33. Nd7 Rd8 34. Nc5 e5 35. Nb7 Rd7 36. Nc5 Rd8 37. Nb7 Rc8 38. Rxc8+ Bxc8 39. Nc5 Bc3 40. Nd3 Rb3 41. Rc1 exd4 42. Bxd4 Bxd4 43. Rxc8+ Kh7 44. Nf4 Rb1+ 45. Kh2 Be5 46. g3 Bxf4 47. gxf4 Rb4 48. Rd8 d4 49. f5 Rxa4 50. Kg3 Ra3+ 51. f3 d3 52. Kf4 Rb3 53. Ra8 d2 54. Rd8 Rb2 55. Ke3 h5 56. h4 Kh6 57. Rh8# 1-0


[Site "https://www.chess.com"]

[Event "Titled Tuesday Blitz May 23 Early 2023"]
[White "Kielinkei"]
[Black "Zaichenko, Daria"]
[BlackFideId "4197453"]
[WhiteElo "2443"]
[BlackElo "2039"]
[Result "1-0"]
[Round "11"]
[TimeControl "180+2"]
[Date "2023.05.23"]
[WhiteClock "0:00:31"]
[BlackClock "0:00:00"]

1. e4 c5 2. a3 e6 3. b4 cxb4 4. axb4 Bxb4 5. c3 Be7 6. d4 d5 7. e5 Nc6 8. Bd3 f5 9. h4 Qb6 10. Nh3 Bd7 11. Ng5 Nh6 12. Qh5+ Kd8 13. Nf7+ Nxf7 14. Qxf7 Kc7 15. Qh5 g6 16. Qe2 Na5 17. Be3 Rhf8 18. g3 Nb3 19. Ra2 a5 20. O-O a4 21. Na3 Bxa3 22. Rxa3 Ra5 23. Rb1 Rfa8 24. c4 dxc4 25. Bxc4 Nxd4 26. Rxb6 Nxe2+ 27. Bxe2 Bc6 28. Rb2 b5 29. Bc5 Rb8 30. Bd6+ Kb7 31. Bxb8 Kxb8 32. Rb4 Kb7 33. f4 Kb6 34. Rb1 Kc5 35. Rc1+ Kb6 36. Rac3 Bd5 37. Rc8 b4 38. Rb8+ Ka7 39. Rxb4 a3 40. Bc4 Rc5 41. Rc2 Bxc4 42. Rcxc4 Ra5 43. Rc1 1-0


[Site "https://www.chess.com"]

[Event "Titled Tuesday Blitz May 23 Early 2023"]
[White "Ramirez Vido, Robert Yorisan"]
[Black "Kuchava, Ana"]
[WhiteFideId "3513823"]
[BlackFideId "13605348"]
[WhiteElo "2442"]
[BlackElo "2001"]
[Result "1/2-1/2"]
[Round "11"]
[TimeControl "180+2"]
[Date "2023.05.23"]
[WhiteClock "0:00:06"]
[BlackClock "0:00:16"]

1. f4 d5 2. Nf3 c5 3. g3 Nc6 4. Bg2 Nf6 5. d3 Bg4 6. O-O Bxf3 7. Bxf3 e5 8. c3 Bd6 9. e4 d4 10. cxd4 Nxd4 11. Bg2 O-O 12. Nc3 h6 13. f5 Rc8 14. g4 Nh7 15. Nd5 c4 16. f6 g5 17. h4 Ne6 18. dxc4 Rxc4 19. Qd3 Rd4 20. Qe2 Nf4 21. Bxf4 exf4 22. hxg5 hxg5 23. Rad1 Bc5 24. Kh2 Nxf6 25. Rxd4 Bxd4 26. Rd1 Be5 27. Bf3 Nxd5 28. exd5 Qd6 29. Kg2 Kg7 30. Rh1 Rh8 31. Rxh8 Kxh8 32. Be4 Kg7 33. Qf3 Bxb2 34. Qh3 Qh6 35. Qb3 Qb6 36. Qh3 Qh6 37. Qb3 Qb6 38. Qxb6 axb6 39. Kf3 Kf6 40. Kf2 Ke5 41. Kf3 Ba3 42. d6 Bxd6 43. Bxb7 f5 44. gxf5 Kxf5 45. Bc8+ Ke5 46. Bg4 Be7 47. Bh5 Kf5 48. Bg4+ Kg6 49. Be6 Kf6 50. Bg4 Ke5 51. Bc8 Kd4 52. Bg4 Kc3 53. Be6 Kb2 54. Kg4 b5 55. Kf3 b4 56. Bb3 Kc3 57. Be6 Kd2 58. Bb3 1/2-1/2


[Site "https://www.chess.com"]

[Event "Titled Tuesday Blitz May 23 Early 2023"]
[White "Tsyhanchuk, Stanislav"]
[Black "Begunov, Konstantin"]
[WhiteFideId "13505130"]
[BlackFideId "4118510"]
[WhiteElo "2173"]
[BlackElo "2050"]
[Result "0-1"]
[Round "11"]
[TimeControl "180+2"]
[Date "2023.05.23"]
[WhiteClock "0:00:15"]
[BlackClock "0:00:15"]

1. c4 c6 2. e3 d5 3. Nc3 Nf6 4. Nf3 a6 5. b3 Bg4 6. d4 e6 7. Bb2 Ne4 8. h3 Bb4 9. Rc1 Qa5 10. Qc2 Bf5 11. Bd3 Nxc3 12. Bxc3 Bxc3+ 13. Qxc3 Qxc3+ 14. Rxc3 Bxd3 15. Rxd3 Nd7 16. Kd2 Ke7 17. Kc3 Rhc8 18. Re1 Nf6 19. Nd2 c5 20. e4 cxd4+ 21. Rxd4 dxc4 22. Rxc4 b5 23. Rxc8 Rxc8+ 24. Kd3 Nd7 25. f4 e5 26. g3 f6 27. b4 Nb6 28. a3 Rd8+ 29. Kc3 Na4+ 30. Kc2 Rc8+ 31. Kd3 Rc3+ 32. Ke2 Rxg3 33. Rc1 exf4 34. Rc7+ Ke6 35. Nf3 Rg2+ 36. Kf1 Ra2 37. Nd4+ Ke5 38. Nc2 Kxe4 39. Kf2 g5 40. Ke2 Nb6 41. Re7+ Kf5 42. Kd3 Nc4 43. Rg7 f3 44. Nd4+ Kf4 45. Rf7 Ne5+ 46. Kc3 Nxf7 47. Ne6+ Ke3 48. Ng7 f2 49. Nh5 f1=Q 50. Ng3 Qd3# 0-1


[Site "https://www.chess.com"]